 Dungeon Crawl Stone Soup version 0.30-a0-748-ge6a52f7cba (webtiles) character file.

Game seed: 8995046597685464517

244 Iich the Chopper (level 5, -5/48 HPs)
             Began as a Minotaur Fighter on Feb 8, 2023.
             Killed by divine providence
             ... invoked by an orc priest
              (14 damage)
             ... on level 3 of the Dungeon.
             The game lasted 00:04:02 (2571 turns).

Iich the Chopper (Minotaur Fighter)                 Turns: 2571, Time: 00:04:02

Health: -5/48      AC:  7    Str: 21    XL:     5   Next: 83%
Magic:  4/4        EV:  9    Int:  5    God:
Gold:   170        SH:  4    Dex: 11    Spells: 4/4 levels left

rFire   . . .      SeeInvis .    a - +0 war axe
rCold   . . .      Faith    .    c - +0 buckler
rNeg    . . .      Spirit   .    b - +1 scale mail
rPois   .          Reflect  .    (helmet restricted)
rElec   .          Harm     .    (no cloak)
rCorr   .          Rampage  .    (no gloves)
Will    .....                    (no boots) Stlth
                                 (no amulet)
HPRegen 0.28/turn                (no ring)
MPRegen 0.09/turn                (no ring)

@: lethally poisoned (-5 -> -10)
A: horns 2, retaliatory headbutt
a: no special abilities


You were on level 3 of the Dungeon.
You visited 1 branch of the dungeon, and saw 3 of its levels.

You collected 170 gold pieces.

Inventory:

Hand Weapons
 a - a +0 war axe (weapon)
Armour
 b - a +1 scale mail (worn)
 c - a +0 buckler (worn)
 l - a scarf of harm
Jewellery
 o - a ring of ice
Scrolls
 e - a scroll of teleportation
 g - a scroll of enchant armour
 n - a scroll of brand weapon
 p - 2 scrolls of fog
Potions
 d - 2 potions of might
 f - a potion of attraction
 h - a potion of brilliance {unknown}
 i - a potion of lignification {unknown}
 j - a potion of curing {unknown}
 k - a potion of flight {unknown}
 m - a potion of invisibility {unknown}


   Skills:
 + Level 5.4 Fighting
 * Level 6.2 Axes
 - Level 3.6 Armour
 - Level 3.6 Shields


You had 4 spell levels left.
You didn't know any spells.
Your spell library contained the following spells:

 Spells                   Type           Power      Damage    Failure   Level
 Cigotuvi's Dreadful Rot  Necr/Pois/Air  0%         N/A       96%         2
 Poisonous Vapours        Pois/Air       0%         N/A       96%         2
 Mephitic Cloud           Conj/Pois/Air  0%         N/A       99%         3


Dungeon Overview and Level Annotations

Branches:
Dungeon (3/15)

Altars:

Annotations:
D:3 Sigmund


Innate Abilities, Weirdness & Mutations

You have a pair of horns on your head.
You reflexively headbutt those who attack you in melee.


Message History

You hear a shout! x2
The scorpion stings you.
You are poisoned.
The scorpion poisons you! The scorpion stings you.
You are more poisoned.
The scorpion poisons you!
You closely miss the scorpion.
The scorpion is lightly wounded.
You feel extremely sick.
The scorpion stings you but does no damage.
You slash the scorpion!
The scorpion is heavily wounded.
You feel very sick.
The scorpion stings you but does no damage.
The scorpion stings you.
You are more poisoned.
The scorpion poisons you!
You are too injured to fight recklessly!
You are too injured to fight recklessly!
You hit the scorpion but do no damage.
The scorpion is heavily wounded.
You hit the orc.
You feel extremely sick. The orc closely misses you. You furiously retaliate!
You headbutt the orc!
You kill the orc!
The scorpion barely misses you. You furiously retaliate!
You headbutt the scorpion. You slash the scorpion!
You kill the scorpion!
* * * LOW HITPOINT WARNING * * *
You feel very sick.
Your Axes skill increases to level 6!
You feel very sick.
You feel very sick.
An orc priest comes into view. It is wielding a +0 flail.
You feel very sick.
You feel sick.
The orc priest calls down the wrath of Beogh upon you.
Beogh smites you!
You die...

...........#
...........#
...........####
.....o)).......
#).##.# #.....##
##.#...# #####
#.#...#### #...#
#@#......# #...#
#.#......###...###
#.................
#################.
#. #############'
..............
########......
##########......


You could see an orc priest.

Vanquished Creatures
  A scorpion (D:3)
  An orc priest (D:3)
  Terence (D:3)
  2 gnolls (D:1)
  4 adders
  3 worms
  4 dart slugs
  5 orcs (D:3)
  3 bats
  4 endoplasms
  6 giant cockroaches
  2 hobgoblins
  3 quokkas
  7 ball pythons
  6 frilled lizards
  5 goblins
  2 kobolds
  4 rats
63 creatures vanquished.

Notes
Turn   | Place    | Note
-------+----------+-------------------------------------------
     0 | D:1      | Iich the Minotaur Fighter began the quest for the Orb.
     0 | D:1      | Reached XP level 1. HP: 19/19 MP: 0/0
    83 | D:1      | Reached skill level 3 in Axes
    86 | D:1      | Reached XP level 2. HP: 14/27 MP: 1/1
   420 | D:1      | Reached XP level 3. HP: 28/33 MP: 2/2
   441 | D:1      | Reached skill level 4 in Axes
  1160 | D:2      | Reached XP level 4. HP: 41/41 MP: 3/3
  1741 | D:3      | Noticed Terence
  1748 | D:3      | Killed Terence
  1749 | D:3      | Reached skill level 5 in Axes
  1869 | D:3      | Noticed Sigmund
  2423 | D:3      | Reached XP level 5. HP: 46/47 MP: 4/4
  2541 | D:3      | Reached skill level 5 in Fighting
  2568 | D:3      | Reached skill level 6 in Axes
  2571 | D:3      | Killed from afar by an orc priest

Illustrated notes

Levels and vault maps discovered:
D:1:      minmay_arrival_jagged, layout_loops_cross
D:2:      layout_loops_cross, dreamdust_princess_corridor
D:3:      layout_basic, grunt_decor_junction, uniq_terence, uniq_sigmund

Skill      XL: |  1  2  3  4  5 |
---------------+----------------+-----
Axes           | 3 4 5 6 |  6.2
Fighting       | 4 5 |  5.4
Armour         | |  3.6
Shields        | |  3.6

Action                     |  1- 3 |  4- 6 || total
---------------------------+-------+-------++-------
  Melee: War axe           |    68 |    63 ||   131
         Headbutt          |     8 |     5 ||    13
    Use: Scroll            |     1 |     4 ||     5
         Potion            |     1 |       ||     1
 Armour: Scale mail        |    23 |    29 ||    52
  Dodge: Dodged            |    26 |    27 ||    53
  Block: Buckler           |    14 |    16 ||    30

Table legend: (Time is in decaauts)
 A = Elapsed time spent in this place.
 B = Non-inter-level travel time spent in this place.
 C = Inter-level travel time spent in this place.
 D = Time resting spent in this place.
 E = Time spent auto-exploring this place.
 F = Levels seen in this place.
 G = Mean time per level.
                   A        B        C        D        E       F      G
               +--------+--------+--------+--------+--------+-----+--------+
         Total |   2613 |   2534 |     79 |    419 |   1746 |   3 |  871.0 |
       Dungeon |   2613 |   2534 |     79 |    419 |   1746 |   3 |  871.0 |
               +--------+--------+--------+--------+--------+-----+--------+

Top non-repeatable levels by time:
     D:3: 1024 daAuts
     D:1: 911 daAuts
     D:2: 677 daAuts
